 Dungeon Crawl Stone Soup version bcrawl-1.28.4 (webtiles) character file.

Game seed: 12660908686921409312

134926 esc the Skirmisher (level 4, -1/40 HPs)
             Began as a Hill Orc Archaeologist on Jan 13, 2021.
             Was an Initiate of Wu Jian.
             Killed by divine providence
             ... invoked by an orc priest
              (11 damage)
             ... on level 3 of the Dungeon.
             The game lasted 00:02:24 (2175 turns).

esc the Skirmisher (Hill Orc Archaeologist)         Turns: 2175, Time: 00:02:25

Health: -1/40      AC:  6    Str: 14    XL:     4   Next: 97%
Magic:  4/4        EV: 12    Int: 14    God:    Wu Jian [......]
Gold:   113        SH:  0    Dex:  9    Spells: 3/3 levels left

rFire    . . .     SeeInvis .   a - +0 whip
rCold    . . .     Gourm    .   (no shield)
rNeg     . . .     Faith    +   c - +1 robe
rPois    .         Spirit   .   d - +1 hat
rElec    .         Reflect  .   (no cloak)
rCorr    .         Harm     .   (no gloves)
MR       .....                  i - +1 pair of boots
Stlth    ++........             k - amulet of faith
HPRegen  0.13/turn              (no ring)
MPRegen  0.09/turn              (no ring)

@: no status effects
A: no striking features
a: Renounce Religion, Convert to Beogh


You were on level 3 of the Dungeon.
You worshipped Wu Jian.
Wu Jian was noncommittal.
You were very hungry.

You visited 1 branch of the dungeon, and saw 3 of its levels.

You collected 113 gold pieces.

Inventory:

Hand Weapons
 a - a +0 whip (weapon)
 b - a +0 blowgun
Missiles
 f - 6 curare-tipped needles
 l - 203 poisoned needles
Armour
 c - a +1 robe (worn)
 d - a +1 hat (worn)
 i - a +1 pair of boots (worn)
Jewellery
 k - an amulet of faith (around neck)
Scrolls
 g - a scroll of magic mapping
 o - 2 scrolls of teleportation {unknown}
 p - a scroll of amnesia {unknown}
 q - a scroll of fear {unknown}
Potions
 m - a potion of heal wounds {unknown}
 n - a potion of curing {unknown}
 r - a potion of degeneration {unknown}
 s - a potion of lignification {unknown}
Miscellaneous
 h - a dusty tome
Comestibles
 e - 3 rations {!d}


   Skills:
 + Level 4.1 Fighting
   Level 4.1 Short Blades
   Level 4.1 Long Blades
   Level 4.1 Axes
   Level 4.1 Maces & Flails
   Level 4.1 Polearms
   Level 4.1 Staves
 - Level 2.4 Dodging
 - Level 2.6 Stealth
   Level 4.1 Unarmed Combat


You had 3 spell levels left.
You didn't know any spells.
Your spell library was empty.

Dungeon Overview and Level Annotations

Branches:
Dungeon (3/12)

Altars:
Wu Jian


Message History

You hit the orc priest but do no damage.
The orc priest is heavily wounded.
The orc priest shouts, "Join the one true god or die!"
The orc priest mumbles some strange prayers to Beogh against you.
Beogh smites you!
* * * LOW HITPOINT WARNING * * *
The hobgoblin closely misses you.
You completely miss the orc priest.
The orc priest is moderately wounded.
The hobgoblin hits you.
* * * LOW HITPOINT WARNING * * *
The orc priest barely misses you.
You closely miss the orc priest.
The orc priest is moderately wounded.
The hobgoblin hits you but does no damage.
You barely miss the orc priest.
The orc priest is moderately wounded.
The orc priest mumbles some strange prayers to Beogh against you.
Beogh smites you!
You die...

♣..o♣ ♣ ♣.P.♣♣P
§. . ♣..P.. ♣.♣
#.. ♣♣♣.)♣.♣....
#...♣..P.♣.♣..P.
#......♣.....
♣...♣..♣
#.♣♣♣o.♣ ♣@g.♣
♣?).♣ ♣♣.P.♣
..♣♣♣..♣.♣ ##.
♣....♣♣♣
#..##♣..#.♣
#.........###..
#.###...........
#.###....>......


You could see an orc priest and a hobgoblin.

Vanquished Creatures
  A hound (D:3)
  An adder (D:2)
  An ooze (D:3)
  A worm (D:2)
  4 leopard geckos
  4 orcs (D:3)
  4 ball pythons (D:1)
  6 bats
  A giant cockroach (D:2)
  3 goblins
  9 hobgoblins
  10 kobolds
  A quokka (D:3)
  3 frilled lizards
  6 rats
55 creatures vanquished.

Notes
Turn   | Place    | Note
-------+----------+-------------------------------------------
     0 | D:1      | esc the Hill Orc Archaeologist began the quest for the Orb.
     0 | D:1      | Reached XP level 1. HP: 16/16 MP: 1/1
     1 | D:1      | Got a pitted bone ring
     2 | D:1      | Identified the ring of the Gloaming {Ice Int+4 Dex-5} (You
                  | found it on level 1 of the Dungeon)
   126 | D:1      | Reached skill level 2 in Fighting
   153 | D:1      | Reached XP level 2. HP: 15/24 MP: 2/2
   530 | D:1      | Reached XP level 3. HP: 27/30 MP: 3/3
   947 | D:2      | Reached skill level 3 in Fighting
  1095 | D:2      | Found an ornate altar of the Wu Jian Council.
  1401 | D:2      | Became a worshipper of the Wu Jian Council
  1709 | D:2      | Reached XP level 4. HP: 38/38 MP: 4/4
  2121 | D:3      | Reached skill level 4 in Fighting
  2175 | D:3      | Killed from afar by an orc priest

Skill      XL: |  1  2  3  4 |
---------------+-------------+-----
Fighting       | 2 3 4 |  4.1
Short Blades   | |  4.1
Long Blades    | |  4.1
Axes           | |  4.1
Maces & Flails | |  4.1
Polearms       | |  4.1
Staves         | |  4.1
Dodging        | |  2.4
Stealth        | |  2.6
Unarmed Combat | |  4.1

Action                   |  1- 3 |  4- 6 || total
-------------------------+-------+-------++-------
Melee: Whip              |   167 |    80 ||   247
Invok: Lunge             |     5 |     1 ||     6
       Whirlwind         |       |     2 ||     2
  Use: Scroll            |     1 |       ||     1
       Potion            |       |     1 ||     1
 Stab: Sleeping          |     6 |       ||     6
  Eat: Chunk             |     8 |     1 ||     9
Armor: Robe              |    59 |    14 ||    73
Dodge: Dodged            |   123 |    50 ||   173
